 Dungeon Crawl Stone Soup version 0.29-a0-23-ga79f92ac9c (webtiles) character file.

Game seed: 10053691821752588003

10689 croobank the Sneak (level 11, -1/66 HPs)
             Began as a Grey Draconian Fire Elementalist on Jan 30, 2022.
             Was a Priest of Hepliaklqana.
             Slain by a yak (7 damage)
             ... on level 11 of the Dungeon.
             The game lasted 01:04:33 (10126 turns).

croobank the Sneak (DrFE)                          Turns: 10126, Time: 01:04:34

Health: -1/66      AC: 13    Str: 20    XL:     11   Next: 39%
Magic:  11/29      EV: 13    Int: 18    God:    Hepliaklqana [***...]
Gold:   516        SH:  0    Dex: 12    Spells: 2/23 levels left

rFire   . . .      SeeInvis .   b - +5 arbalest "Kiffafajuz" {flame, rN+ Str+4}
rCold   . . .      Faith    .   (shield currently unavailable)
rNeg    + + .      Spirit   .   (armour unavailable)
rPois   .          Reflect  .   (helmet restricted)
rElec   .          Harm     .   z - +0 cloak
rCorr   +          Rampage  .   (no gloves)
Will    .....                   (no boots)
Stlth   ++++......              m - amulet of regeneration
HPRegen 1.01/turn               L - ring "Alejit Pyme" {rN+ rCorr Str+6 Int-2 Stlth+}
MPRegen 0.21/turn               n - ring of magical power

@: marked
A: reduced essence, AC +12, amphibious, unfitting armour, cold-blooded
a: Renounce Religion, Recall Ancestor, Ancestor Identity, Transference


You were on level 11 of the Dungeon.
You worshipped Hepliaklqana.
Hepliaklqana was most pleased with you.
You visited 2 branches of the dungeon, and saw 12 of its levels.
You also visited: Bailey.

You collected 516 gold pieces.

Inventory:

Hand Weapons
 a - a +2 dagger of venom
 b - the +5 arbalest "Kiffafajuz" (weapon) {flame, rN+ Str+4}
   (You found it on level 7 of the Dungeon)

   Any ammunition fired from it burns those it strikes, dealing additional fire
   damage.
   Str:       It affects your strength (+4).
   rN:        It protects you from negative energy.
 h - a +0 vorpal scythe
 u - a +0 bardiche
 B - a +2 dire flail of protection
 E - a +0 mace of holy wrath
 G - a +1 spear of venom
 J - a +5 dagger
 K - a +4 battleaxe
 W - a +2 vampiric falchion
 X - the +10 fustibalus "Ustos" {freeze, rPois Str+2 Stlth-}
   (You acquired it in a bailey)

   Any ammunition fired from it freezes those it strikes, dealing additional
   cold damage.
   It can also slow down cold-blooded creatures.
   Str:       It affects your strength (+2).
   rPois:     It protects you from poison.
   Stlth:     It makes you less stealthy.
 Y - a +0 morningstar of protection
 Z - a +1 hand axe of freezing
Missiles
 c - 34 bolts (quivered ammo)
 g - 145 arrows
 i - 326 stones
 o - 23 poisoned darts
 V - 5 boomerangs
Armour
 z - a +0 cloak (worn)
 H - a +0 kite shield
Magical Staves
 r - a staff of fire
Jewellery
 j - a ring of protection from cold
 m - an amulet of regeneration (around neck)
 n - a ring of magical power (right hand)
 s - an amulet of the acrobat
 w - a +6 ring of intelligence
 y - a ring of flight
 I - a +4 ring of evasion
 L - the ring "Alejit Pyme" (left hand) {rN+ rCorr Str+6 Int-2 Stlth+}
   (You acquired it on level 8 of the Dungeon)

   [ring of strength]

   Str:       It affects your strength (+6).
   Int:       It affects your intelligence (-2).
   rN:        It protects you from negative energy.
   rCorr:     It protects you from acid and corrosion.
   Stlth:     It makes you more stealthy.
 M - a +6 ring of strength
 U - an amulet of faith
Wands
 C - a wand of paralysis (5)
 F - a wand of iceblast (10)
 S - a wand of flame (12)
Scrolls
 D - 4 scrolls of amnesia
 N - a scroll of magic mapping
 O - a scroll of torment
 P - a scroll of enchant armour {unknown}
 T - a scroll of holy word {unknown}
Potions
 e - a potion of flight
 f - 2 potions of brilliance
 l - 3 potions of magic
 p - a potion of might {unknown}
 v - a potion of ambrosia {unknown}
 x - 2 potions of curing {unknown}
 A - a potion of lignification {unknown}
 Q - 2 potions of resistance {unknown}
 R - 2 potions of mutation {unknown}


   Skills:
 * Level 6.7 Crossbows
 - Level 4.4 Dodging
 + Level 7.2 Stealth
 + Level 6.6 Spellcasting
 + Level 7.0 Conjurations
 + Level 5.1 Hexes
 * Level 6.8 Transmutations
 - Level 5.8 Fire Magic


You had 2 spell levels left.
You knew the following spells:

 Your Spells              Type           Power      Damage    Failure   Level
a - Foxfire               Conj/Fire      100%       2x1d9     1%          1
b - Scorch                Fire           54%        2d8       1%          2
c - Flame Wave            Conj/Fire      29%        2d8       8%          4
d - Ensorcelled Hibernat  Hex/Ice        30%        N/A       6%          2
e - Poisonous Vapours     Pois/Air       10%        N/A       17%         2
f - Irradiate             Conj/Tmut      15%        3d19      19%         5
g - Blade Hands           Tmut           15%        N/A       19%         5

Your spell library contained the following spells:

 Spells                   Type           Power      Damage    Failure   Level
 Magic Dart               Conj           100%       1d8       1%          1
 Pain                     Necr           20%        1d5       12%         1
 Call Imp                 Summ           5%         N/A       17%         2
 Corpse Rot               Necr/Air       10%        N/A       17%         2
 Sublimation of Blood     Necr           5%         N/A       17%         2
 Conjure Flame            Conj/Fire      29%        6-21      2%          3
 Inner Flame              Hex/Fire       25%        N/A       3%          3
 Spider Form              Tmut/Pois      18%        N/A       9%          3
 Mephitic Cloud           Conj/Pois/Air  14%        N/A       13%         3
 Petrify                  Tmut/Erth      18%        N/A       26%         4
 Ozocubu's Armour         Ice            5%         N/A       34%         3
 Anguish                  Hex/Necr       7%         N/A       36%         4
 Agony                    Necr           5%         N/A       97%         5
 Excruciating Wounds      Necr           2%         N/A       97%         5
 Iron Shot                Conj/Erth      9%         9d3       99%         6
 Malign Gateway           Summ/Tloc      2%         N/A       100%        7
 Ozocubu's Refrigeration  Ice            2%         4d5       100%        7
 Summon Horrible Things   Summ           2%         N/A       100%        8
 Animate Armour           Summ/Erth      Unusable   N/A       N/A         4

Dungeon Overview and Level Annotations

Branches:
Dungeon (11/15)            Temple (1/1) D:5          Bailey (visited)
   Lair: D:8-11         Orc: D:9-12

Altars:
Ashenzari
Cheibriados
Dithmenos
Elyvilon
Fedhas
Gozag
Hepliaklqana
Kikubaaqudgha
Makhleb
Nemelex Xobeh
Okawaru
Qazlal
Ru
Sif Muna
Trog
Uskayaw
Vehumet
Wu Jian
Xom
Yredelemnul
Zin
The Shining One

Shops:
D:6 :   D:9 *   D:11 !

Annotations:
D:6 2 transporters, Cecur's ghost, novice DsGl


Innate Abilities, Weirdness & Mutations

Your life essence is reduced to manifest your ancestor. (-10% HP)
Your dull iron-grey scales are very hard. (AC +12)
You are amphibious.
You cannot fit into any form of body armour.
You are cold-blooded and may be slowed by cold attacks.


Message History

Blink to where?
Press: ? - help, Dir - move target
As you read the scroll of blinking, it crumbles to dust.
Found a scroll labelled TENLAS KIHECUOPP.
A two-headed ogre comes into view. It is wielding two +0 giant clubs.
Found 7 stones.
A yak comes into view. 2 yaks come into view.
You see here a scroll labelled TENLAS KIHECUOPP.
Found Izueh's Distillery.
A yak comes into view. 2 two-headed ogres come into view.
The yak bellows!
The two-headed ogre shouts in stereo! x2
Found a throwing net.
The yak bellows!
The yak sets off the alarm!
The alarm trap emits a blaring wail!
A sentinel's mark forms upon you.
A yak comes into view.
The two-headed ogre hits you with a +0 giant club!!
The two-headed ogre misses you.
You hear a bellow!
You hear a shout! x3; You hear a bellow! x6
You hear a shout!
You hear a bellow! x4; You hear a shout!
You hear a bellow! x2
You hear a shout! x4; You hear an angry hiss.
Okay, then.
Okay, then.
Okay, then.
As you read the scroll labelled QASENUFFAO, it crumbles to dust.
The scroll dissolves into smoke.
It was a scroll of fog.
A yak comes into view.
The yak gores you but does no damage.
As you read the scroll labelled ADAP FOLOXA, it crumbles to dust.
Your body is wracked with pain!
The two-headed ogre convulses!
The yak convulses! x6; It was a scroll of torment.
The two-headed ogre hits you with a +0 giant club!!
* * * LOW HITPOINT WARNING * * *
The two-headed ogre closely misses you. The yak barely misses you.
Okay, then.
The yak gores you!
You die...

....... #∩# .......
### ....... ... ...
##..... ###### ....
#..#..§ .... ...#
....§§§###########....
...§§OO§Y§Y.Y.........
#.##§§§§§§............
##@§Y§§.##?.......#
#.§Y.O..##.........
#...YY§.............
##.#......###.......
###YY....##........
#..##.....##.....
.....##.......##.
...##.......####
#.......#


You could see 3 two-headed ogres and 6 yaks.

Vanquished Creatures
  A rakshasa (D:9)
  A two-headed ogre (D:9)
  A death yak (D:10)
  3 orc knights (Bailey)
  8 yaks
  Sigmund (D:5)
  A steam dragon (D:8)
  2 water moccasins
  2 ice beasts
  2 sky beasts
  6 orc warriors
  2 centaurs
  A phantom (D:6)
  A gnoll sergeant (D:7)
  2 scorpions
  A bullfrog (D:8)
  A wyvern zombie (D:7)
  A water moccasin zombie (D:5)
  A water moccasin skeleton (D:5)
  3 killer bees (D:4)
  4 wights (D:8)
  12 electric eels
  A centaur zombie (D:6)
  A bullfrog zombie (D:6)
  2 hounds (D:5)
  A jelly (D:5)
  4 orc priests
  A bullfrog skeleton (D:5)
  2 centaur skeletons (D:7)
  7 iguanas
  5 orc wizards
  5 gnolls
  10 adders
  A shadow imp (D:5)
  3 white imps
  An ufetubus (D:4)
  3 dart slugs
  19 orcs
  5 ball pythons
  5 bats
  4 endoplasms
  2 giant cockroaches
  14 hobgoblins
  5 jackals (D:2)
  4 kobolds
  A quokka (D:1)
  6 frilled lizards
  19 goblins
  4 rats
192 creatures vanquished.

Vanquished Creatures (collateral kills)
  A death yak (D:10)
  An orc knight (Bailey)
  2 kobold demonologists (Bailey)
  2 yaks
  A steam dragon (D:8)
  4 orc warriors
  A hornet zombie (D:6)
  A centaur (D:9)
  A wight (D:8)
  An electric eel (Bailey)
  3 orc wizards
  A gnoll (Bailey)
  3 orcs
  2 goblins (Bailey)
24 creatures vanquished.

Vanquished Creatures (others)
  4 battlemagi
  3 ancestors
  208 foxfires
  3 plants (D:9)
218 creatures vanquished.

Grand Total: 434 creatures vanquished

Notes
Turn   | Place    | Note
-------+----------+-------------------------------------------
     0 | D:1      | croobank the Draconian Fire Elementalist began the quest
                  | for the Orb.
     0 | D:1      | Reached XP level 1. HP: 14/14 MP: 3/3
   373 | D:1      | Reached XP level 2. HP: 19/20 MP: 0/5
   378 | D:1      | Learned a level 2 spell: Scorch
   809 | D:1      | Found a faded altar of an unknown god.
  1347 | D:2      | Reached XP level 3. HP: 26/26 MP: 2/6
  1408 | D:2      | Found a hide-covered altar of Uskayaw.
  1799 | D:2      | Reached XP level 4. HP: 23/33 MP: 0/7
  1953 | D:2      | Learned a level 4 spell: Flame Wave
  2231 | D:3      | Found a hide-covered altar of Uskayaw.
  3216 | D:4      | Reached XP level 5. HP: 38/38 MP: 0/9
  3517 | D:4      | Reached XP level 6. HP: 4/45 MP: 10/10
  3518 | D:4      | HP: 2/45 [poisoned by a killer bee]
  3523 | D:4      | HP: 2/45 [poisoned by a killer bee]
  4178 | D:5      | Entered Level 5 of the Dungeon
  4178 | D:5      | Noticed Sigmund
  4178 | D:5      | Noticed a water moccasin
  4322 | D:5      | Your scales start taking on a dull iron-grey colour.
  4322 | D:5      | Reached XP level 7. HP: 49/50 MP: 3/12
  4355 | D:5      | Found a staircase to the Ecumenical Temple.
  4422 | Temple   | Entered the Ecumenical Temple
  4597 | Temple   | Became a worshipper of Hepliaklqana the Forgotten
  4912 | D:6      | Identified the +4 robe of Nalainic {-Tele rPois Str+9
                  | Int+3}
  4975 | D:6      | Learned a level 2 spell: Ensorcelled Hibernation
  5006 | D:6      | Found Paam's Book Boutique.
  5021 | D:6      | Learned a level 2 spell: Poisonous Vapours
  5031 | D:6      | Noticed Cecur's ghost (novice DsGl)
  5032 | D:6      | Found a transporter.
  5036 | D:6      | Found a transporter.
  5079 | D:6      | Reached skill level 5 in Fire Magic
  5498 | D:6      | Reached * piety under Hepliaklqana
  5508 | D:6      | Reached skill level 1 in Hexes
  5508 | D:6      | Reached XP level 8. HP: 47/51 MP: 14/14
  5849 | D:5      | Killed Sigmund
  6348 | D:7      | Identified the +5 arbalest "Kiffafajuz" {flame, rN+ Str+4}
  6429 | D:7      | Reached skill level 1 in Crossbows
  6429 | D:7      | Reached skill level 5 in Stealth
  6990 | D:7      | Reached XP level 9. HP: 47/55 MP: 15/16
  6996 | D:7      | Learned a level 5 spell: Irradiate
  7117 | D:8      | Reached skill level 5 in Spellcasting
  7123 | D:8      | Reached skill level 5 in Conjurations
  7125 | D:8      | Reached skill level 1 in Transmutations
  7184 | D:8      | Reached ** piety under Hepliaklqana
  7191 | D:8      | Identified 2 scrolls of acquirement
  7192 | D:8      | Acquired the ring "Alejit Pyme" {rN+ rCorr Str+6 Int-2
                  | Stlth+}
  7417 | D:8      | Noticed a two-headed ogre
  7655 | D:8      | Identified the +1 scale mail of the Maze {+Blink rF+}
  7689 | D:8      | Reached XP level 10. HP: 62/62 MP: 18/18
  7711 | D:8      | Remembered your ancestor Leofric as a battlemage
  8085 | D:8      | Acquired a staff of fire
  8128 | D:8      | Found a shadowy altar of Dithmenos.
  8131 | D:8      | Found a bloodstained altar of Trog.
  8134 | D:8      | Found a sacrificial altar of Ru.
  8173 | D:9      | Found Izifoepa's Overcharged Wands.
  8490 | D:9      | Noticed a rakshasa
  8507 | D:9      | Killed a rakshasa
  8602 | D:9      | Found a flagged portal.
  8641 | D:9      | Reached skill level 5 in Crossbows
  8733 | Bailey   | Entered a bailey
  8772 | Bailey   | Noticed an orc knight
  8779 | Bailey   | Killed an orc knight
  8780 | Bailey   | Reached skill level 5 in Transmutations
  8791 | Bailey   | Noticed an orc knight
  8807 | Bailey   | Killed an orc knight
  8991 | Bailey   | Reached *** piety under Hepliaklqana
  9045 | Bailey   | Noticed an orc knight
  9059 | Bailey   | Killed an orc knight
  9278 | Bailey   | Noticed an orc knight
  9294 | Bailey   | Killed an orc knight
  9295 | Bailey   | Reached XP level 11. HP: 29/66 MP: 1/20
  9436 | Bailey   | Acquired the +10 fustibalus "Ustos" {freeze, rPois Str+2
                  | Stlth-}
  9543 | Bailey   | Found an iron altar of Okawaru.
  9637 | Bailey   | Identified the +0 leather armour of the Accordion {Dex+5}
  9639 | Bailey   | Identified the +6 scale mail of Xaqacvar {Fly rC++ Str-4
                  | Dex+2}
  9858 | D:9      | Learned a level 5 spell: Blade Hands
  9908 | D:9      | Noticed a two-headed ogre
  9912 | D:9      | Killed a two-headed ogre
 10035 | D:10     | Entered Level 10 of the Dungeon
 10043 | D:10     | Reached skill level 5 in Hexes
 10073 | D:10     | Noticed a death yak
 10073 | D:10     | Noticed a death yak
 10084 | D:10     | Killed a death yak
 10084 | D:10     | Killed a death yak
 10088 | D:10     | Noticed a death yak
 10096 | D:10     | Noticed a death yak
 10101 | D:10     | Noticed a death yak
 10110 | D:11     | Noticed a two-headed ogre
 10117 | D:11     | Found Izueh's Distillery.
 10121 | D:11     | Noticed a two-headed ogre
 10121 | D:11     | Noticed a two-headed ogre
 10126 | D:11     | Slain by a yak

Illustrated notes

Levels and vault maps discovered:
D:1:      scummos_arrival_hexagon, layout_loops_ring,
          nicolae_ecumenical_lake_church
D:2:      layout_basic, basic_altar
D:3:      layout_basic, mainiacjoe_overflow_surrounded_room
D:4:      layout_basic
D:5:      layout_loops_ring, minmay_temple_entry_wispy, uniq_sigmund
D:6:      layout_loops_ring, gammafunk_ghost_arena, serial_shops, shop
D:7:      layout_basic
D:8:      layout_loops_ring, minitemple, hangedman_abyss_or_decor_stabs,
          solitary_fountain, kennysheep_small_circle
D:9:      wad_lake_hut, layout_long_grid, enter_bailey_5,
          nicolae_shop_overcharged_wands
D:10:     layout_loops_ring, dpeg_lair_monsters, uniq_erolcha
D:11:     layout_cave_pools, serial_shops, nicolae_inconvenience_store,
          uniq_erica
Temple:   mainiacjoe_temple_coin_purse

Skill      XL: |  1  2  3  4  5  6  7  8  9 10 11 |
---------------+----------------------------------+-----
Stealth        | 2 3 4 5 6 7 |  7.2
Dodging        | 2 3 4 |  4.4
Conjurations   | 2 3 4 5 6 7 |  7.0
Spellcasting   | 3 4 5 6 |  6.6
Fire Magic     | 4 5 |  5.8
Hexes          | 1 2 3 4 5 |  5.1
Crossbows      | 2 4 6 |  6.7
Transmutations | 3 6 |  6.8

Action                   |  1- 3 |  4- 6 |  7- 9 | 10-12 || total
-------------------------+-------+-------+-------+-------++-------
Melee: Unarmed           |    33 |    11 |       |       ||    44
       Tailslap          |     4 |     3 |     5 |       ||    12
       Rapier            |       |     9 |       |       ||     9
       Dagger            |       |    10 |    19 |       ||    29
 Fire: Arbalest          |       |       |    61 |    84 ||   145
Throw: Stone             |       |       |       |     1 ||     1
 Cast: Foxfire           |    41 |    50 |    29 |     6 ||   126
       Scorch            |     6 |    33 |    97 |    59 ||   195
       Flame Wave        |       |       |     1 |     3 ||     4
       Poisonous Vapours |       |       |     1 |     1 ||     2
       Ensorcelled Hiber |       |       |       |     4 ||     4
Invok: Ancestor Life: Ba |       |       |       |     1 ||     1
  Use: Scroll            |       |     6 |     2 |     9 ||    17
       Potion            |       |     2 |     1 |     1 ||     4
 Stab: Sleeping          |     1 |       |     2 |       ||     3
Armor: Skin              |    12 |    15 |    29 |    17 ||    73
Dodge: Dodged            |    35 |    37 |    43 |    39 ||   154

Table legend: (Time is in decaauts)
 A = Elapsed time spent in this place.
 B = Non-inter-level travel time spent in this place.
 C = Inter-level travel time spent in this place.
 D = Time resting spent in this place.
 E = Time spent auto-exploring this place.
 F = Levels seen in this place.
 G = Mean time per level.
                   A        B        C        D        E       F      G
               +--------+--------+--------+--------+--------+-----+--------+
         Total |  10224 |   9965 |    259 |   1019 |   6396 |  13 |  786.5 |
       Dungeon |   9017 |   8771 |    246 |    700 |   5938 |  11 |  819.7 |
        Temple |    192 |    179 |     13 |      0 |    160 |   1 |  192.0 |
        Bailey |   1013 |   1013 |      0 |    319 |    298 |   1 | 1013.0 |
               +--------+--------+--------+--------+--------+-----+--------+

Top non-repeatable levels by time:
     D:1: 1340 daAuts
     D:4: 1051 daAuts
     D:8: 1050 daAuts
  Bailey: 1013 daAuts
     D:3: 1013 daAuts
     D:5: 967 daAuts
     D:7: 937 daAuts
     D:9: 900 daAuts
     D:6: 887 daAuts
     D:2: 772 daAuts
  Temple: 192 daAuts
    D:10: 72 daAuts
    D:11: 23 daAuts
